 Dungeon Crawl Stone Soup version 0.30-a0-883-g5ad918d77d (webtiles) character file.

Game seed: 10551617937949638597

7319 jasper the Party-goer (level 10, -11/76 HPs)
             Began as a Demonspawn Wanderer on Mar 17, 2023.
             Was a Believer of Uskayaw.
             Mangled by an orc knight
             ... wielding a +0 battleaxe
              (26 damage)
             ... in a bailey.
             The game lasted 00:27:53 (9419 turns).

jasper the Party-goer (Demonspawn Wanderer)         Turns: 9419, Time: 00:27:54

Health: -11/76     AC: 13    Str: 10    XL:     10   Next: 90%
Magic:  17/17      EV: 15    Int: 11    God:    Uskayaw [**....]
Gold:   549        SH: 14    Dex: 22    Spells: 13/13 levels left

rFire   . . .      SeeInvis .    q - +0 short sword (elec)
rCold   . . .      Faith    .    e - +3 buckler
rNeg    . . .      Spirit   .    M - +0 troll leather armour
rPois   .          Reflect  +    v - +1 helmet
rElec   .          Rampage  .    b - +0 cloak
rCorr   +                        (no gloves)
Will    +....                    N - +2 pair of boots
Stlth   +++                      o - amulet of reflection
HPRegen 1.12/turn                x - ring of resist corrosion
MPRegen 0.15/turn                H - ring of willpower

@: hasted, very quick
A: molten scales 1, demonic guardian 1, foul stench 2
a: Renounce Religion, Stomp, Line Pass


You were in a bailey.
You worshipped Uskayaw.
Uskayaw was aware of your devotion.
You visited 2 branches of the dungeon, and saw 11 of its levels.
You also visited: Bailey.

You collected 549 gold pieces.

Inventory:

Hand Weapons
 a - a +0 dagger
 g - a +1 dagger of electrocution
 q - a +0 short sword of electrocution (weapon)
 C - a +2 dagger of venom
Missiles
 i - 5 atropa-tipped darts
 k - 11 poisoned darts (quivered)
 l - 77 stones
 F - 3 boomerangs
 T - a curare-tipped dart
Armour
 b - a +0 cloak (worn)
 d - a +0 robe
 e - a +3 buckler (worn)
 f - a +1 pair of boots
 m - a +0 pair of boots
 u - a +1 pair of boots
 v - a +1 helmet (worn)
 D - a +0 leather armour of willpower
 G - a +0 scale mail
 I - a +1 leather armour of poison resistance
 M - a +0 troll leather armour (worn)
 N - a +2 pair of boots (worn)
Jewellery
 h - a ring of flight
 o - an amulet of reflection (around neck)
 x - a ring of resist corrosion (left hand)
 H - a ring of willpower (right hand)
 O - a ring of protection from fire
Wands
 y - a wand of digging (6)
 E - a wand of mindburst (29)
 J - a wand of paralysis (8)
Scrolls
 n - 8 scrolls of teleportation
 B - 4 scrolls of enchant weapon
 K - a scroll of blinking
 Q - a scroll of brand weapon
 R - a scroll of enchant armour
 S - a scroll of amnesia
Potions
 c - 5 potions of haste
 j - a potion of curing
 p - 4 potions of might
 r - 2 potions of mutation
 s - 5 potions of flight
 t - a potion of cancellation {unknown}
 w - a potion of brilliance {unknown}
 z - 3 potions of heal wounds {unknown}
 A - 2 potions of berserk rage {unknown}
 P - a potion of lignification {unknown}


   Skills:
 + Level 5.7 Fighting
 - Level 8.1 Short Blades
 + Level 5.3 Armour
 + Level 5.5 Dodging
 + Level 5.6 Stealth
 - Level 4.0 Shields
 - Level 2.0 Spellcasting
 - Level 1.0 Air Magic
 - Level 10.0 Invocations
 - Level 1.0 Evocations


You had 13 spell levels left.
You didn't know any spells.
Your spell library contained the following spells:

 Spells                   Type           Power      Damage    Failure   Level
 Shock                    Conj/Air       8%         1d3       38%         1
 Apportation              Tloc           2%         N/A       45%         1
 Slow                     Hex            4%         N/A       45%         1
 Sting                    Tmut/Pois      4%         1d3       45%         1
 Poisonous Vapours        Pois/Air       4%         N/A       52%         2
 Static Discharge         Conj/Air       4%         2-3/arc   52%         2
 Cigotuvi's Dreadful Rot  Necr/Pois/Air  2%         N/A       56%         2
 Blink                    Tloc           2%         N/A       58%         2
 Lesser Beckoning         Tloc           2%         N/A       58%         2
 Momentum Strike          Conj/Tloc      2%         3d8       58%         2
 Scorch                   Fire           2%         2d5       58%         2
 Mephitic Cloud           Conj/Pois/Air  1%         N/A       80%         3
 Ignite Poison            Fire/Tmut/Pois 1%         N/A       83%         3
 Flame Wave               Conj/Fire      1%         2d4       99%         4
 Olgreb's Toxic Radiance  Pois           1%         N/A       99%         4
 Sticky Flame             Conj/Fire      1%         2d3       99%         4
 Summon Cactus Giant      Summ           0%         N/A       100%        6
 Ignition                 Fire           0%         3d3       100%        8


Dungeon Overview and Level Annotations

Branches:
Dungeon (10/15)            Temple (1/1) D:4            Lair (0/5) D:10
    Orc (0/2) D:10         Bailey (1/1)

Altars:
Ashenzari
Cheibriados
Dithmenos
Fedhas
Gozag
Hepliaklqana
Kikubaaqudgha
Makhleb
Nemelex Xobeh
Okawaru
Qazlal
Ru
Sif Muna
Trog
Uskayaw
Vehumet
Wu Jian
Xom
Yredelemnul

Shops:
D:5 :

Annotations:
D:9 1 runed translucent door, logorrheac's ghost, novice DgCj


Innate Abilities, Weirdness & Mutations

You are partially covered in molten scales. (AC +2)
A weak demonic guardian rushes to your aid.
You sometimes emit foul miasma when damaged in melee.


Message History

You take 18 damage, and have 32/76 hp.
MASSIVE DAMAGE!!
You hit the orc knight but do no damage.
The orc knight is lightly wounded.
You feel sick.
Your iron imp completely misses the orc knight.
You block the orc knight's attack.
The orc knight hits your rust devil with a +0 battleaxe!
The orc knight hits your iron imp with a +0 battleaxe!
You hit the orc knight.
The orc knight is lightly wounded.
You feel sick.
Your rust devil hits the orc knight.
The orc knight seems to be corroded for longer.
You take 1 damage, and have 31/76 hp.
You closely miss the orc knight.
The orc knight is moderately wounded.
The orc knight looks more healthy.
You block the orc knight's attack.
The orc knight hits your rust devil with a +0 battleaxe!
Your rust devil dies!
Your rust devil disappears in a puff of smoke!
The orc knight hits your iron imp with a +0 battleaxe!!
Your iron imp dies!
Your iron imp disappears in a puff of smoke!
You closely miss the orc knight.
The orc knight is lightly wounded.
You feel sick. You block the orc knight's attack.
You hit the orc knight.
The orc knight is moderately wounded.
You feel sick.
You are no longer poisoned.
You hit the orc knight.
The orc knight is moderately wounded.
You block the orc knight's attack.
You hit the orc knight.
The orc knight is moderately wounded.
The orc knight hits you with a +0 battleaxe!!
* * * LOW HITPOINT WARNING * * *
You take 18 damage, and have 14/76 hp.
MASSIVE DAMAGE!!
You feel yourself speed up.
The orc knight hits you with a +0 battleaxe!!
You die...

#....#:?.#...#
.#
#....#??.#...#
#+#'##+###8.8#
#.)# #...# #..#
#8.8# # #..#
#...# )# #.)#
#...# ))#
#))#+####)####+#
##'#.....o@....#
#..#....._.....#
#.8#...........#
#..#...........#
#.8#############
#.....#######
#.8)..#.....#
#.)...#.....#
####..#..⌠..#


You could see an orc knight (corroded).

Vanquished Creatures
  An orc sorcerer (Bailey)
  Joseph (D:7)
  A kobold demonologist (Bailey)
  2 trolls
  A hornet (D:8)
  A shadow (D:9)
  A wraith (D:10)
  3 yaks (D:9)
  Edmund (D:5)
  2 water moccasins (D:8)
  4 orc warriors (Bailey)
  5 black bears
  An ice beast (D:8)
  3 wolves (D:10)
  2 centaurs
  A kobold brigand (D:10)
  7 bullfrogs
  2 scorpions
  23 wights
  12 killer bees
  2 electric eels (D:10)
  2 howler monkeys (D:7)
  2 hounds (D:10)
  2 jellies
  3 orc priests
  Jessica (D:3)
  3 iguanas
  Ijyb (D:5)
  Natasha (twice) (D:4)
  2 orc wizards
  A hound zombie (D:3)
  Robin (D:4)
  A howler monkey zombie (D:3)
  9 gnolls
  5 adders
  2 shadow imps
  2 white imps (D:5)
  2 adder zombies (D:3)
  An adder skeleton (D:3)
  3 worms
  A dart slug (D:1)
  25 orcs
  9 ball pythons
  8 endoplasms
  2 giant cockroaches (D:3)
  9 hobgoblins
  3 jackals (D:1)
  6 quokkas
  4 bats
  3 frilled lizards
  29 goblins
  10 kobolds
  10 rats
240 creatures vanquished.

Vanquished Creatures (collateral kills)
  A gnoll (D:4)
  A goblin (Bailey)
2 creatures vanquished.

Grand Total: 242 creatures vanquished

Notes
Turn   | Place    | Note
-------+----------+-------------------------------------------
     0 | D:1      | jasper the Demonspawn Wanderer began the quest for the Orb.
     0 | D:1      | jasper set off with the following items: a +0 dagger, a +0
                  | cloak, a potion of haste, a +0 robe, a +2 buckler; and the
                  | following spells available to memorise: Static Discharge,
                  | Cigotuvi's Dreadful Rot.
     0 | D:1      | Reached XP level 1. HP: 13/13 MP: 3/3
   177 | D:1      | Gained mutation: A weak demonic guardian rushes to your
                  | aid. [demonic ancestry]
   177 | D:1      | Reached XP level 2. HP: 19/19 MP: 5/5
   339 | D:1      | Reached skill level 1 in Short Blades
   916 | D:2      | Reached XP level 3. HP: 24/24 MP: 6/6
  1601 | D:3      | Gained mutation: You may rarely emit foul miasma when
                  | damaged in melee. [demonic ancestry]
  1601 | D:3      | Reached XP level 4. HP: 28/30 MP: 7/7
  1861 | D:3      | Noticed Jessica
  1871 | D:3      | Killed Jessica
  2055 | D:3      | Found a faded altar of an unknown god.
  2124 | D:3      | Reached XP level 5. HP: 34/35 MP: 8/8
  2504 | D:4      | Noticed a black bear
  2521 | D:4      | Killed a black bear
  2546 | D:4      | Found a staircase to the Ecumenical Temple.
  2559 | Temple   | Entered the Ecumenical Temple
  2726 | Temple   | Became a worshipper of Uskayaw the Reveller
  2801 | D:4      | Gained mutation: You sometimes emit foul miasma when
                  | damaged in melee. [demonic ancestry]
  2801 | D:4      | Reached XP level 6. HP: 41/41 MP: 9/9
  2910 | D:4      | Reached * piety under Uskayaw
  3057 | D:4      | Reached ** piety under Uskayaw
  3161 | D:4      | Reached skill level 5 in Short Blades
  3214 | D:4      | Reached *** piety under Uskayaw
  3530 | D:4      | Noticed Robin
  3566 | D:4      | Reached **** piety under Uskayaw
  3568 | D:4      | Killed Robin
  3683 | D:4      | Noticed Natasha
  3690 | D:4      | Killed Natasha
  3971 | D:5      | Entered Level 5 of the Dungeon
  4090 | D:4      | Noticed Natasha
  4094 | D:4      | Killed Natasha
  4095 | D:4      | Reached XP level 7. HP: 43/46 MP: 10/10
  4380 | D:5      | Noticed Ijyb
  4398 | D:5      | Killed Ijyb
  4522 | D:5      | Found Diwo's Book Emporium.
  4600 | D:5      | Got Vudaahuts's Introduction to Spellweaving
  4917 | D:5      | Noticed Edmund
  4926 | D:5      | Killed Edmund
  5276 | D:6      | Reached XP level 8. HP: 43/52 MP: 11/11
  5333 | D:6      | You fall into a shaft and drop 3 floors!
  5338 | D:9      | Noticed a troll
  5345 | D:9      | Killed a troll
  5346 | D:9      | Reached skill level 1 in Fighting
  5346 | D:9      | Reached skill level 1 in Stealth
  5346 | D:9      | Reached skill level 2 in Invocations
  5432 | D:8      | Reached skill level 3 in Invocations
  5438 | D:8      | Reached ***** piety under Uskayaw
  5445 | D:7      | Noticed Joseph
  5543 | D:8      | Reached skill level 4 in Invocations
  5767 | D:7      | Reached skill level 5 in Invocations
  5767 | D:7      | Reached XP level 9. HP: 19/62 MP: 12/12
  6017 | D:6      | Reached skill level 6 in Invocations
  6050 | D:6      | Found a burning altar of Makhleb.
  6263 | D:6      | Found a broken altar of Ashenzari.
  6300 | D:6      | Found an opulent altar of Gozag.
  6587 | D:7      | Killed Joseph
  6736 | D:7      | Reached skill level 7 in Invocations
  6757 | D:7      | Found an ancient bone altar of Kikubaaqudgha.
  7059 | D:8      | Reached skill level 8 in Invocations
  7180 | D:8      | Gained mutation: You are partially covered in molten
                  | scales. (AC +2) [demonic ancestry]
  7180 | D:8      | Reached XP level 10. HP: 72/72 MP: 16/16
  7655 | D:9      | Reached skill level 9 in Invocations
  8669 | D:9      | Found a runed translucent door.
  8669 | D:9      | Found a shimmering altar of Xom.
  8669 | D:9      | Noticed logorrheac's ghost (novice DgCj)
  8674 | D:9      | Noticed a +0 morningstar of chaos
  8846 | D:10     | Entered Level 10 of the Dungeon
  9167 | D:10     | Reached skill level 5 in Fighting
  9189 | D:10     | Reached skill level 5 in Dodging
  9189 | D:10     | Reached skill level 5 in Stealth
  9200 | D:10     | Found a staircase to the Lair.
  9240 | D:10     | Found a flagged portal.
  9263 | Bailey   | Entered a bailey
  9316 | Bailey   | Reached skill level 10 in Invocations
  9348 | Bailey   | Reached skill level 5 in Armour
  9358 | Bailey   | Noticed an orc sorcerer
  9368 | Bailey   | Killed an orc sorcerer
  9387 | Bailey   | Found an iron altar of Okawaru.
  9387 | Bailey   | Noticed an orc knight
  9396 | Bailey   | Noticed an orange demon
  9419 | Bailey   | Mangled by an orc knight

Illustrated notes

Levels and vault maps discovered:
D:1:      nicolae_arrival_somewhat_less_tricky_arrival, layout_rooms
D:2:      layout_loops_ring
D:3:      layout_loops_ring, serial_undead, serial_undead_c, serial_undead_f,
          serial_undead_f, serial_undead_d, serial_undead_b, serial_undead_f,
          serial_undead_d, ebering_ecumenical_altar_abandoned, uniq_jessica
D:4:      layout_loops_corners, minmay_temple_entry_tees,
          kennysheep_generic_room_12, uniq_natasha, uniq_robin
D:5:      layout_basic, serial_shops, nicolae_shop_crystal,
          chequers_mini_garden, minmay_strange_pillars, uniq_edmund, uniq_ijyb
D:6:      layout_rooms, lemuel_coloured_pillars_altar, marbit_many_paths,
          lightli_temple_of_fire
D:7:      layout_loops_cross, gammafunk_temple_overflow_forgotten, uniq_joseph
D:8:      wander_river, layout_basic
D:9:      layout_layer_cave, ebering_ghost_xom
D:10:     layout_basic, erik_lair_island, david_orc_1_choice,
          lightli_bailey_entry_fortress, uniq_harold
Temple:   minmay_temple_bridge_d
Bailey:   bailey_axe_of_yendor_kennysheep, bailey

Skill      XL: |  1  2  3  4  5  6  7  8  9 10 |
---------------+-------------------------------+-----
Shields        | 3 4 |  4.0
Short Blades   | 1 3 4 6 8 |  8.1
Fighting       | 2 4 5 |  5.7
Dodging        | 3 4 5 |  5.5
Stealth        | 2 4 5 |  5.6
Invocations    | 5 8 10 | 10.0
Armour         | 2 4 5 |  5.3
Spellcasting   | |  2.0
Air Magic      | |  1.0
Evocations     | |  1.0

Action                     |  1- 3 |  4- 6 |  7- 9 | 10-12 || total
---------------------------+-------+-------+-------+-------++-------
  Melee: Dagger            |   142 |   274 |   204 |       ||   620
         Short sword       |       |       |    64 |   275 ||   339
  Throw: Dart              |       |     3 |     8 |     3 ||    14
 Invoke: Stomp             |       |     1 |       |       ||     1
  Evoke: Wand              |       |       |       |     4 ||     4
    Use: Scroll            |     4 |     6 |     8 |     1 ||    19
         Potion            |       |     3 |     2 |     1 ||     6
   Stab: Sleeping          |     3 |     7 |     9 |     6 ||    25
         Paralysed         |       |     1 |     9 |     9 ||    19
         Invisible         |       |       |     3 |       ||     3
 Armour: Robe              |    30 |    33 |       |       ||    63
         Leather armour    |       |     4 |    10 |       ||    14
         Troll leather arm |       |       |    28 |    43 ||    71
  Dodge: Dodged            |    46 |    74 |    63 |   101 ||   284
  Block: Buckler           |    63 |   154 |   140 |   158 ||   515
         Reflection        |       |     2 |     5 |     2 ||     9

Table legend: (Time is in decaauts)
 A = Elapsed time spent in this place.
 B = Non-inter-level travel time spent in this place.
 C = Inter-level travel time spent in this place.
 D = Time resting spent in this place.
 E = Time spent auto-exploring this place.
 F = Levels seen in this place.
 G = Mean time per level.
                   A        B        C        D        E       F      G
               +--------+--------+--------+--------+--------+-----+--------+
         Total |   9196 |   8486 |    710 |    444 |   4942 |  12 |  766.3 |
       Dungeon |   8847 |   8236 |    611 |    444 |   4817 |  10 |  884.7 |
        Temple |    220 |    121 |     99 |      0 |    101 |   1 |  220.0 |
        Bailey |    127 |    127 |      0 |      0 |     24 |   1 |  127.0 |
               +--------+--------+--------+--------+--------+-----+--------+

Top non-repeatable levels by time:
     D:9: 1403 daAuts
     D:4: 1273 daAuts
     D:5: 1168 daAuts
     D:3: 930 daAuts
     D:1: 889 daAuts
     D:8: 847 daAuts
     D:2: 677 daAuts
     D:7: 669 daAuts
     D:6: 601 daAuts
    D:10: 386 daAuts
  Temple: 220 daAuts
  Bailey: 127 daAuts
